 Dungeon Crawl Stone Soup version 0.23-a0-619-g281719c (console) character file.

1745 Duffy the Firebug (level 9, -1/82 HPs)
             Began as a Naga Fire Elementalist on Dec 22, 2018.
             Was a Believer of Cheibriados.
             Slain by an orc warrior
             ... wielding a +0 halberd
              (33 damage)
             ... on level 8 of the Dungeon.
             The game lasted 00:11:48 (8159 turns).

Duffy the Firebug (Naga Fire Elementalist)          Turns: 8159, Time: 00:11:49

Health: -1/82      AC:  5    Str: 16    XL:     9   Next: 6%
Magic:  2/15       EV: 11    Int: 23    God:    Cheibriados [**....]
Gold:   158        SH:  0    Dex: 17    Spells: 8/16 levels left

rFire    . . .     SeeInvis +   D - +0 trident
rCold    . . .     Gourm    .   (no shield)
rNeg     . . .     Faith    .   a - +0 robe
rPois    +         Spirit   .   (no helmet)
rElec    .         Reflect  .   o - +0 cloak (curse)
rCorr    .         Harm     +   (no gloves)
MR       ++...                  (no barding)
Stlth    ++........             j - amulet of harm
HPRegen  0.23/turn              e - +6 ring of slaying
MPRegen  0.14/turn              G - ring of protection from magic

@: very slightly contaminated, very slow
A: large, see invisible, deformed body, poison resistance, slowness 2, slow
metabolism 1, spit poison 1, AC +3
a: Spit Poison, Bend Time, Renounce Religion


You were on level 8 of the Dungeon.
You worshipped Cheibriados.
Cheibriados was pleased with you.
You were hungry.

You visited 1 branch of the dungeon, and saw 8 of its levels.

You collected 326 gold pieces.
You spent 168 gold pieces at shops.

Inventory:

Hand Weapons
 k - a +0 dagger
 B - a +0 war axe
 D - a +0 trident (weapon)
Missiles
 E - a throwing net (quivered)
Armour
 a - a +0 robe (worn)
 o - a cursed +0 cloak (worn)
 p - a +0 buckler
 q - a +0 shield
Magical Staves
 F - an uncursed staff of earth
Jewellery
 e - a +6 ring of slaying (left hand)
 j - an amulet of harm (around neck)
 y - an uncursed amulet of regeneration {unknown}
 G - a ring of protection from magic (right hand)
Wands
 s - a wand of random effects (16)
 C - a wand of enslavement (5)
Scrolls
 d - 3 scrolls of magic mapping
 f - 4 scrolls of teleportation
 g - 3 scrolls of fog
 h - a scroll of random uselessness {unknown}
 l - 3 scrolls of fear
 m - 2 scrolls of enchant armour {unknown}
 t - a scroll of remove curse {unknown}
 v - a scroll of blinking {unknown}
 w - a scroll of vulnerability {unknown}
 x - a scroll of immolation {unknown}
Potions
 b - 2 potions of brilliance
 i - 3 potions of flight
 n - 4 potions of curing
 r - a potion of mutation
 u - a potion of lignification {unknown}
 z - a potion of might {unknown}
 A - a potion of agility {unknown}
Comestibles
 c - 12 rations
 H - 2 chunks of flesh


   Skills:
 + Level 5.9 Fighting
 + Level 3.0 Dodging
 - Level 3.0 Stealth
 - Level 4.0 Spellcasting
 - Level 6.0 Conjurations
 - Level 6.0 Fire Magic


You had 8 spell levels left.
You knew the following spells:

 Your Spells              Type           Power        Failure   Level  Hunger
h - Flame Tongue          Conj/Fire      ####.        1%          1    None
j - Sticky Flame          Conj/Fire      ####....     9%          4    ####...
l - Conjure Flame         Conj/Fire      ####....     2%          3    ##.....

Your spell library contained the following spells:

 Spells                   Type           Power        Failure   Level  Hunger
 Throw Flame              Conj/Fire      ####..       1%          2    #......
 Inner Flame              Hex/Fire       ###.....     9%          3    ##.....
 Fireball                 Conj/Fire      ####......   24%         5    ######.


Dungeon Overview and Level Annotations

Branches:
Dungeon (8/15)             Temple (0/1) D:6
   Lair: D:8-11

Altars:
Cheibriados
Gozag
Xom

Shops:
D:4 *%!%(

Annotations:
D:2 Terence
D:5 Grinder
D:6 exclusions: 2 two-headed ogres and worker ant


Innate Abilities, Weirdness & Mutations

You cannot wear boots.
Your serpentine skin is tough. (AC +3)
You have supernaturally acute eyesight. (SInv)
Armour fits poorly on your strangely shaped body.
Your system is resistant to poisons. (rPois)
You cover ground very slowly.
You have a slow metabolism.
You can spit poison.


Message History

Aiming: Flame Tongue (safe; 1% risk of failure)
Press: ? - help, Shift-Dir - straight line, f/p - orc warrior
Aim: an orc warrior, wielding a +0 halberd and wearing a +0 plate armour The flame tongue hits the orc warrior.
The orc warrior appears unharmed.
The orc warrior is moderately wounded.
The orc warrior burns!
The orc warrior closely misses you.
Casting: Flame Tongue (safe; 1% risk of failure)
Confirm with . or Enter, or press ? or * to list all spells.
Aiming: Sticky Flame (safe; 9% risk of failure)
Press: ? - help, Shift-Dir - straight line, f/p - orc warrior
Aim: an orc warrior, wielding a +0 halberd and wearing a +0 plate armour The sticky flame hits the orc warrior.
The orc warrior is severely wounded.
The orc warrior is covered in liquid flames!
The orc warrior burns!
The orc warrior closely misses you.
You hit the orc warrior but do no damage.
The orc warrior is severely wounded.
The orc warrior burns!
The orc warrior hits you with a +0 halberd!!
You die...

... .......... ##
............#
........#.#.#
........#.#.#
........#...#
........o...# .#
........##o.##.#
.........@...#.#
........###..#.#
# %........
#))#.##.# .o....
..........#..#...
.....
..........#..#.#
....
..........#....#
...
########..#....#
.. ..#....# .#
#...>#####.#.###.


You could see an orc warrior (burning).

Vanquished Creatures
  Eustachio (D:4)
  3 orc warriors
  2 ogres
  A phantom (D:6)
  A bullfrog (D:6)
  A gnoll sergeant (D:7)
  A scorpion (D:7)
  A jelly (D:6)
  A hound (D:6)
  7 orc wizards
  A centaur skeleton (D:7)
  5 orc priests
  A gnoll shaman (D:4)
  Jessica (D:3)
  2 iguanas
  6 worker ants
  A hound skeleton (D:7)
  A howler monkey zombie (D:6)
  4 gnolls (D:4)
  5 adders
  A shadow imp (D:6)
  5 worms
  3 dart slugs
  2 leopard geckos
  19 orcs
  A ball python (D:1)
  A giant cockroach (D:3)
  4 goblins
  11 hobgoblins
  9 jackals
  3 quokkas
  3 bats
  4 frilled lizards
  10 kobolds
  A quokka zombie (D:5)
  9 rats
  A butterfly (D:3)
133 creatures vanquished.

Notes
Turn   | Place    | Note
-------+----------+-------------------------------------------
     0 | D:1      | Duffy the Naga Fire Elementalist began the quest for the
                  | Orb.
     0 | D:1      | Reached XP level 1. HP: 15/15 MP: 3/3
   177 | D:1      | Reached XP level 2. HP: 22/22 MP: 5/5
   667 | D:1      | Reached XP level 3. HP: 28/28 MP: 2/6
   672 | D:1      | Learned a level 3 spell: Conjure Flame
  1229 | D:2      | Noticed Terence
  1698 | D:2      | Reached XP level 4. HP: 36/36 MP: 5/7
  2001 | D:3      | Learned a level 4 spell: Sticky Flame
  2290 | D:3      | Reached XP level 5. HP: 42/42 MP: 7/9
  2409 | D:3      | Found a shimmering altar of Xom.
  2646 | D:3      | Found a snail-covered altar of Cheibriados.
  2647 | D:3      | Noticed Jessica
  2689 | D:3      | Killed Jessica
  2692 | D:3      | Became a worshipper of Cheibriados the Contemplative
  2858 | D:4      | Found Warisata's Food Shoppe.
  2973 | D:4      | Found Zeichina's Food Shop.
  3217 | D:4      | Found Riss's Assorted Antiques.
  3218 | D:4      | Noticed Eustachio
  3230 | D:4      | Killed Eustachio
  3230 | D:4      | Reached XP level 6. HP: 32/49 MP: 0/11
  3475 | D:4      | Found Icsim's Weapon Shoppe.
  4062 | D:4      | Found Puynut's Distillery.
  4067 | D:4      | Bought a potion of heal wounds for 65 gold pieces
  4067 | D:4      | Bought a potion of degeneration for 13 gold pieces
  4110 | D:4      | Bought a scroll labeled IHAGAXZE KYGA for 30 gold pieces
  4110 | D:4      | Bought a scroll labeled TUKHLUS USTYLEL for 30 gold pieces
  4110 | D:4      | Bought a scroll labeled UCVIKHOMPO for 30 gold pieces
  4238 | D:5      | Entered Level 5 of the Dungeon
  4421 | D:5      | Reached XP level 7. HP: 55/55 MP: 9/12
  4491 | D:5      | Noticed Grinder
  4687 | D:5      | Reached skill level 5 in Conjurations
  4696 | D:5      | Reached * piety under Cheibriados
  4696 | D:5      | Reached skill level 5 in Fire Magic
  5910 | D:6      | Found a staircase to the Ecumenical Temple.
  5954 | D:6      | Noticed a two-headed ogre
  6043 | D:6      | Noticed a two-headed ogre
  6248 | D:7      | Reached XP level 8. HP: 62/62 MP: 12/14
  6373 | D:7      | Reached skill level 1 in Fighting
  6599 | D:7      | Noticed a hippogriff
  7107 | D:7      | Reached ** piety under Cheibriados
  7206 | D:7      | Reached skill level 5 in Fighting
  7732 | D:8      | Reached XP level 9. HP: 80/82 MP: 2/15
  7895 | D:8      | Found an opulent altar of Gozag.
  8159 | D:8      | Slain by an orc warrior

Vault maps used:
D:1:      enne_arrival_octagon_isle
D:2:      chequers_temple_overflow_minitemple, minivault_11, chequers_avenue,
          uniq_robin, uniq_terence
D:3:      xom_butterflies, cheibriados_altar_1, uniq_jessica
D:4:      first_ration, serial_shops, nicolae_shop_waterfront,
          nicolae_shop_behind_doors, kennysheep_little_box, shop, shop,
          minmay_misc_feat_tiny, minmay_misc_feat_hallway, uniq_eustachio
D:5:      uniq_grinder
D:6:      kennysheep_big_flooded_room, temple_statues
D:7:      vehumet_statue, serial_shops, shop
D:8:      grunt_gozag_breadcrumbs, blue_anna_alchemist, grunt_dithmenos_smoke

Skill      XL: |  1  2  3  4  5  6  7  8  9 |
---------------+----------------------------+-----
Conjurations   | 2 3 4 5 6 |  6.0
Spellcasting   | 3 4 |  4.0
Fire Magic     | 4 5 6 |  6.0
Fighting       | 5 |  5.9
Dodging        | 2 3 |  3.0
Stealth        | |  3.0

Action                   |  1- 3 |  4- 6 |  7- 9 || total
-------------------------+-------+-------+-------++-------
Melee: Dagger            |    10 |     7 |       ||    17
       Trident           |       |       |    14 ||    14
       Staff             |       |       |     1 ||     1
 Cast: Flame Tongue      |    51 |    88 |   112 ||   251
       Conjure Flame     |       |     1 |     5 ||     6
       Sticky Flame      |       |       |     9 ||     9
 Abil: Spit Poison       |    16 |    14 |    16 ||    46
Evoke: Wand              |       |     1 |       ||     1
  Use: Scroll            |     4 |     2 |     2 ||     8
       Potion            |       |       |     1 ||     1
 Stab: Sleeping          |     1 |     2 |       ||     3
  Eat: Chunk             |     3 |     8 |     6 ||    17
       Ration            |       |       |     1 ||     1
Armor: Robe              |     7 |     6 |    13 ||    26
Dodge: Dodged            |    26 |    13 |    59 ||    98

Table legend:
 A = Non-vault XP
 B = Vault XP
 C = Vault XP percentage of total XP
 D = Non-vault monster count
 E = Vault monster count
 F = Vault count percentage of total count
                 A         B        C        D         E       F
            +---------+---------+-------+---------+---------+-------
      Total |    2268 |     225 |   9.0 |     130 |       2 |   1.5
            +---------+---------+-------+---------+---------+-------
        D:1 |      46 |       0 |   0.0 |      24 |       0 |   0.0
        D:2 |      53 |       0 |   0.0 |      19 |       0 |   0.0
        D:3 |      81 |      37 |  31.4 |      21 |       1 |   4.5
        D:4 |     150 |     188 |  55.6 |      13 |       1 |   7.1
        D:5 |     263 |       0 |   0.0 |       7 |       0 |   0.0
        D:6 |     657 |       0 |   0.0 |      16 |       0 |   0.0
        D:7 |     677 |       0 |   0.0 |      17 |       0 |   0.0
        D:8 |     341 |       0 |   0.0 |      13 |       0 |   0.0
            +---------+---------+-------+---------+---------+-------
